 Dungeon Crawl Stone Soup version 0.26.1-11-gd32895ea62 (webtiles) character file.

Game seed: 694141928289277644

2452 opiate666 the Cutter (level 9, -18/71 HPs)
             Began as a Human Gladiator on June 11, 2021.
             Was a Follower of Wu Jian.
             Demolished by a boulder beetle (30 damage)
             ... on level 6 of the Dungeon.
             The game lasted 00:44:27 (7057 turns).

opiate666 the Cutter (Human Gladiator)              Turns: 7057, Time: 00:44:27

Health: -18/71     AC: 16    Str: 17    XL:     9   Next: 79%
Magic:  9/9        EV: 14    Int:  9    God:    Wu Jian [*.....]
Gold:   255        SH:  0    Dex: 17    Spells: 8/8 levels left

rFire    . . .     SeeInvis .   n - +1 long sword (holy)
rCold    . . .     Faith    .   (no shield)
rNeg     + . .     Spirit   .   s - +0 ring mail
rPois    +         Reflect  .   c - +0 helmet
rElec    .         Harm     .   L - +2 cloak
rCorr    .         Rampage  .   I - +0 pair of gloves
Will     .....                  (no boots)
Stlth    ++........             (no amulet)
HPRegen  0.21/turn              p - ring of positive energy
MPRegen  0.11/turn              C - ring of poison resistance

@: berserk cooldown
A: molten scales 1, thin metallic scales 1, poison resistance, strong 1, subdued
magic 1
a: Renounce Religion


You were on level 6 of the Dungeon.
You worshipped Wu Jian.
Wu Jian was aware of your devotion.
You visited 2 branches of the dungeon, and saw 7 of its levels.

You collected 255 gold pieces.

Inventory:

Hand Weapons
 m - a +2 short sword of draining
 n - a +1 long sword of holy wrath (weapon)
 v - a +1 mace of draining
 E - a +4 dire flail of venom
 K - a +2 quarterstaff of chaos
Missiles
 d - 3 throwing nets (quivered)
Armour
 c - a +0 helmet (worn)
 s - a +0 ring mail (worn)
 I - a +0 pair of gloves (worn)
 L - a +2 cloak (worn)
Jewellery
 p - a ring of positive energy (left hand)
 C - a ring of poison resistance (right hand)
Wands
 z - a wand of iceblast (9)
 D - a wand of flame (4)
 J - a wand of polymorph (9)
Scrolls
 a - a scroll of identify
 b - 3 scrolls of teleportation
 f - a scroll of fear
 h - 3 scrolls of amnesia
 i - 2 scrolls of remove curse
 o - 3 scrolls of fog
 r - 4 scrolls of magic mapping
 t - a scroll of immolation
 y - 4 scrolls of blinking {unknown}
Potions
 e - 4 potions of haste
 g - 3 potions of brilliance
 k - a potion of invisibility
 l - a potion of ambrosia {unknown}
 q - a potion of flight {unknown}
 u - a potion of resistance {unknown}
 w - a potion of berserk rage
 x - 2 potions of cancellation {unknown}
 A - 2 potions of curing {unknown}


   Skills:
 * Level 6.6 Fighting
 + Level 6.9 Short Blades
 - Level 2.4 Throwing
 + Level 6.0 Armour
 + Level 5.7 Dodging
 + Level 3.7 Stealth


You had 8 spell levels left.
You didn't know any spells.
Your spell library was empty.

Dungeon Overview and Level Annotations

Branches:
Dungeon (6/15)             Temple (1/1) D:4

Altars:
Kikubaaqudgha
Makhleb
Qazlal
Wu Jian
The Shining One

Shops:
D:4 (


Innate Abilities, Weirdness & Mutations

You are partially covered in molten scales. (AC +2)
You are partially covered in thin metallic scales. (AC +2)
Your system is resistant to poisons. (rPois)
Your muscles are strong. (Str +2)
Your spells are a little easier to cast, but a little less powerful.


Message History

As you read the scroll of teleportation, it crumbles to dust.
You feel strangely unstable.
The boulder beetle waves its antennae.
As you read the scroll of teleportation, it crumbles to dust.
You feel strangely stable.
Found a scroll of identify.
You spin and attack the boulder beetle.
You hit the boulder beetle.
The boulder beetle is moderately wounded.
The boulder beetle leaps!
The boulder beetle leaps!
Your extra speed is starting to run out.
You see here a scroll of identify.
Okay, then.
a - a scroll of identify The boulder beetle curls into a ball and begins rolling!
You feel yourself speed up.
You feel yourself slow down.
You spin to attack the boulder beetle, but your attack speed is too slow for a blow to land.
The boulder beetle hits you!!
You die...

#......#......(.....#
#......#............#
#.....)))...........#
#......#............#
#....^.#.........°..#
'......#.........°..#
#......#........°...#
.......#.......B....#
.......#........@...#
.......#............#
.......######.......#
......<.... #.......#
).......... #.......#
........... #.......#
#######..<. +.......#
#....# #### #########
#....#


You could see a boulder beetle.

Vanquished Creatures
  Pikel (D:5)
  Menkaure (D:5)
  Edmund (D:5)
  A water moccasin (D:6)
  An ice beast (D:5)
  5 ogres
  2 lemures (D:5)
  Blork the orc (D:4)
  A bullfrog (D:5)
  3 scorpions
  A water moccasin skeleton (D:5)
  A howler monkey (D:4)
  3 hounds
  An orc priest (D:6)
  Crazy Yiuf (D:6)
  3 orc wizards
  A bullfrog skeleton (D:5)
  A centaur skeleton (D:5)
  3 iguanas
  5 worker ants
  A hound skeleton (D:4)
  3 gnolls (D:6)
  9 adders
  A white imp (D:6)
  An ufetubus (D:5)
  3 oozes
  6 worms
  3 dart slugs
  A leopard gecko (D:2)
  16 orcs
  3 ball pythons
  7 giant cockroaches
  10 goblins
  7 hobgoblins
  12 jackals
  A quokka (D:4)
  13 bats
  10 frilled lizards
  8 kobolds
  3 rats (D:1)
155 creatures vanquished.

Notes
Turn   | Place    | Note
-------+----------+-------------------------------------------
     0 | D:1      | opiate666 the Human Gladiator began the quest for the Orb.
     0 | D:1      | Reached XP level 1. HP: 16/16 MP: 1/1
   256 | D:1      | Reached XP level 2. HP: 22/22 MP: 2/2
   814 | D:1      | Reached XP level 3. HP: 27/27 MP: 3/3
  1408 | D:2      | Reached XP level 4. HP: 27/33 MP: 4/4
  1717 | D:2      | Reached skill level 1 in Armour
  1856 | D:2      | Gained mutation: Scrolls take you a little longer to read.
                  | [potion of mutation]
  1856 | D:2      | Gained mutation: You are partially covered in molten
                  | scales. (AC +2) [potion of mutation]
  1856 | D:2      | Gained mutation: Your body sometimes deteriorates upon
                  | taking damage. [potion of mutation]
  1856 | D:2      | Gained mutation: You have a pair of small horns on your
                  | head. [potion of mutation]
  2128 | D:2      | Reached XP level 5. HP: 39/39 MP: 5/5
  2458 | D:3      | Reached skill level 1 in Stealth
  2792 | D:3      | Reached XP level 6. HP: 44/46 MP: 6/6
  2937 | D:4      | Found Ymuduno's Weapon Shoppe.
  2942 | D:4      | Noticed an ogre
  2947 | D:4      | Killed an ogre
  3090 | D:4      | Reached XP level 7. HP: 49/52 MP: 7/7
  3177 | D:4      | HP: 2/52 [ogre/+0 giant club (16)]
  3539 | D:4      | Lost mutation: Scrolls take you a little longer to read.
                  | [potion of mutation]
  3539 | D:4      | Lost mutation: You have a pair of small horns on your head.
                  | [potion of mutation]
  3539 | D:4      | Lost mutation: Your body sometimes deteriorates upon taking
                  | damage. [potion of mutation]
  3539 | D:4      | Gained mutation: You are partially covered in thin metallic
                  | scales. (AC +2) [potion of mutation]
  3539 | D:4      | Gained mutation: You expend magic power (3 MP) to
                  | strengthen your wands. [potion of mutation]
  3540 | D:4      | Lost mutation: You expend magic power (3 MP) to strengthen
                  | your wands. [potion of mutation]
  3540 | D:4      | Lost mutation: You are partially covered in thin metallic
                  | scales. (AC +2) [potion of mutation]
  3540 | D:4      | Gained mutation: Your spells are a little easier to cast,
                  | but a little less powerful. [potion of mutation]
  3540 | D:4      | Gained mutation: You are partially covered in thin metallic
                  | scales. (AC +2) [potion of mutation]
  3540 | D:4      | Gained mutation: Your muscles are strong. (Str +2) [potion
                  | of mutation]
  3540 | D:4      | Gained mutation: Your system is resistant to poisons.
                  | (rPois) [potion of mutation]
  3582 | D:4      | Reached skill level 5 in Short Blades
  3634 | D:4      | Found a staircase to the Ecumenical Temple.
  3660 | Temple   | Entered the Ecumenical Temple
  3679 | Temple   | Became a worshipper of the Wu Jian Council
  3701 | D:4      | Noticed Blork the orc
  3719 | D:4      | Killed Blork the orc
  3829 | D:4      | You fall into a shaft and drop 1 floor!
  3829 | D:5      | Entered Level 5 of the Dungeon
  3846 | D:5      | Noticed Edmund
  3880 | D:5      | Killed Edmund
  3881 | D:5      | Reached XP level 8. HP: 19/60 MP: 8/8
  3915 | D:5      | HP: 3/60 [poisoned by Edmund]
  4528 | D:5      | Reached skill level 5 in Dodging
  4689 | D:5      | Found a stormy altar of Qazlal.
  4690 | D:5      | Noticed an air elemental
  4690 | D:5      | Noticed a fire elemental
  4690 | D:5      | Noticed a water elemental
  4784 | D:5      | Noticed Pikel
  4868 | D:5      | Killed Pikel
  4869 | D:5      | Reached skill level 5 in Fighting
  4869 | D:5      | Reached XP level 9. HP: 19/68 MP: 9/9
  5158 | D:5      | Found a burning altar of Makhleb.
  5251 | D:5      | Reached * piety under Wu Jian
  5252 | D:5      | Reached skill level 5 in Armour
  5310 | D:5      | Noticed Menkaure
  5316 | D:5      | Killed Menkaure
  5600 | D:4      | Found an ancient bone altar of Kikubaaqudgha.
  6071 | D:6      | Found a glowing golden altar of the Shining One.
  6517 | D:6      | Found a runed translucent door.
  6518 | D:6      | Noticed Crazy Yiuf
  6524 | D:6      | Killed Crazy Yiuf
  6994 | D:6      | Noticed a boulder beetle
  7057 | D:6      | Demolished by a boulder beetle

Illustrated notes

Levels and vault maps discovered:
D:1:      elethiomel_arrival_infinity_welcomes_careful_drivers, layout_basic,
          bh_walls_and_bars
D:2:      kennysheep_six_static_rooms, layout_basic
D:3:      layout_rooms, kennysheep_generic_room_15
D:4:      layout_loops_cross, kiku_gazebo_pond_becter,
          minmay_temple_entry_stoned_glass, serial_shops, kennysheep_mini_moat,
          minivault_11, uniq_blork_the_orc
D:5:      layout_gridville, lemuel_coloured_pillars_altar,
          hangedman_decor_slide_cut, nicolae_qazlal_style_of_elements,
          uniq_menkaure, uniq_pikel, uniq_edmund
D:6:      layout_gridville, tso_metal_star, uniq_crazy_yiuf_cottage
Temple:   nicolae_temple_figure_eight

Skill      XL: |  1  2  3  4  5  6  7  8  9 |
---------------+----------------------------+-----
Armour         | 1 2 3 4 6 |  6.0
Short Blades   | 4 5 6 |  6.9
Stealth        | 1 2 3 |  3.7
Dodging        | 4 5 |  5.7
Fighting       | 3 4 5 6 |  6.6
Throwing       | |  2.4

Action                   |  1- 3 |  4- 6 |  7- 9 || total
-------------------------+-------+-------+-------++-------
Melee: Rapier            |    22 |       |       ||    22
       Spear             |    20 |       |       ||    20
       Short sword       |    45 |   142 |   255 ||   442
       Headbutt          |       |    13 |     2 ||    15
       Long sword        |       |       |   110 ||   110
Invok: Lunge             |       |       |    13 ||    13
       Whirlwind         |       |       |     9 ||     9
  Use: Potion            |       |     4 |     5 ||     9
       Scroll            |       |     9 |     7 ||    16
 Stab: Sleeping          |     2 |     1 |     6 ||     9
       Invisible         |       |     3 |       ||     3
       Distracted        |       |       |     1 ||     1
Armor: Leather armour    |    27 |    52 |       ||    79
       Ring mail         |       |       |    94 ||    94
Dodge: Dodged            |    86 |    99 |   207 ||   392
       Rpst.: Long sword |       |       |    28 ||    28
